 Seeded DCSS version 0.29-a0-397-g846e4a0bbc (webtiles) character file.

Game seed: 14875320075521095149 (custom seed)

56775 zeratav the Martial Artist (level 14, -2/99 HPs)
             Began as an Octopode Earth Elementalist on May 11, 2022.
             Was an Initiate of Gozag.
             Constricted to death by Jorgrun (10 damage)
             ... on level 13 of the Dungeon.
             The game lasted 01:22:01 (22269 turns).

zeratav the Martial Artist (OpEE)                  Turns: 22269, Time: 01:22:02

Health: -2/99      AC:  8    Str: 13    XL:     14   Next: 83%
Magic:  32/32      EV: 12    Int: 21    God:    Gozag
Gold:   1586       SH:  0    Dex: 12    Spells: 15/25 levels left

rFire   + + +      SeeInvis .     - Unarmed
rCold   . . .      Faith    .   o - +5 kite shield {AC+3}
rNeg    + + .      Spirit   .   M - +2 hat
rPois   .          Reflect  .   D - amulet of regeneration {@e2}
rElec   .          Harm     .   K - ring of protection from fire
rCorr   +          Rampage  .   S - ring of resist corrosion
Will    +....                   l - ring of flight
Stlth   ++........              h - ring "Afeek" {+Blink rF++ MP+9}
HPRegen 1.06/turn               P - ring of the Growing Enemy {Wiz rN++ Str+4}
MPRegen 0.23/turn               (no ring)
                                (no ring)
                                (no ring)

@: confused, ambrosia-drunk, grasped by roots, flying, constricted, studying
Dodging, invisible
A: almost no armour, amphibious, 8 rings, camouflage 1, gelatinous body 1,
(nimble swimmer 1), tentacles, iridescent scales 1, mutation resistance 1
a: Renounce Religion, Evoke Blink, Potion Petition, Call Merchant, Bribe Branch


You were on level 13 of the Dungeon.
You worshipped Gozag.
Gozag was most pleased with you.
You visited 3 branches of the dungeon, and saw 19 of its levels.

You collected 4594 gold pieces.
You spent 1933 gold pieces at shops.
You paid 1075 gold pieces to Gozag.


Innate Abilities, Weirdness & Mutations

You cannot wear most types of armour.
You are amphibious.
You can wear up to eight rings at the same time.
Your skin changes colour to match your surroundings (Stealth+).
Your rubbery body absorbs attacks. (AC +1, EV +1)
((You are camouflaged when in or above water. (Stealth+)))
You have tentacles for arms and can constrict up to eight enemies at once.
You are partially covered in iridescent scales. (AC +2)
You are somewhat resistant to further mutation.


   Skills:
 - Level 10.0 Fighting
 - Level 10.0 Dodging
 - Level 2.6 Stealth
 - Level 10.0 Shields
 - Level 12.0 Unarmed Combat
 - Level 6.0 Spellcasting
 + Level 11.4 Transmutations
 + Level 11.4 Earth Magic
 + Level 3.1 Evocations


You had 15 spell levels left.
You knew the following spells:

 Your Spells              Type           Power      Damage    Failure   Level
a - Sandblast             Erth           100%       2d20      1%          1
b - Stone Arrow           Conj/Erth      60%        3d10      2%          3
c - Statue Form           Tmut/Erth      34%        N/A       12%         6

Your spell library contained the following spells:

 Spells                   Type           Power      Damage    Failure   Level
 Passwall                 Tmut/Erth      43%        N/A       1%          2
 Petrify                  Tmut/Erth      52%        N/A       1%          4
 Blade Hands              Tmut           26%        N/A       2%          5
 Foxfire                  Conj/Fire      24%        2x1d5     9%          1
 Shock                    Conj/Air       24%        1d4       9%          1
 Corpse Rot               Necr/Air       12%        N/A       13%         2
 Poisonous Vapours        Pois/Air       12%        N/A       13%         2
 Alistair's Intoxication  Tmut/Pois      20%        N/A       22%         5
 Yara's Violent Unravell  Hex/Tmut       15%        3d8       22%         5
 Conjure Flame            Conj/Fire      6%         6-21      26%         3
 Inner Flame              Hex/Fire       6%         N/A       26%         3
 Swiftness                Air            6%         N/A       26%         3
 Airstrike                Air            3%         N/A       61%         4
 Flame Wave               Conj/Fire      6%         2d5       61%         4
 Iron Shot                Conj/Erth      15%        9d4       75%         6
 Animate Armour           Summ/Erth      Unusable   N/A       N/A         4

Inventory:

Missiles
 a - 488 stones {throwing}
Armour
 o - a +5 kite shield of protection (worn)
   (You found it on level 2 of the Dungeon)
 M - a +2 hat (worn)
   (You took it off Gastronok on level 1 of the Lair of Beasts)
Jewellery
 h - the ring "Afeek" (on tentacle) {+Blink rF++ MP+9}
   (You bought it in a shop on level 11 of the Dungeon)

   [ring of magical power]

   rF:        It greatly protects you from fire.
   MP:        It affects your magic capacity (+9).
   +Blink:    It lets you blink.
 l - a ring of flight (on tentacle)
   (You found it on level 3 of the Lair of Beasts)
 p - a ring of ice
   (You found it on level 3 of the Lair of Beasts)
 D - an amulet of regeneration (around mantle) {@e2}
   (You took it off an orc on level 8 of the Dungeon)
 K - a ring of protection from fire (left tentacle)
   (You found it on level 9 of the Dungeon)
 P - the ring of the Growing Enemy (on tentacle) {Wiz rN++ Str+4}
   (You bought it in a shop on level 11 of the Dungeon)

   [ring of wizardry]

   It improves your spell success rate.
   Str:       It affects your strength (+4).
   rN:        It greatly protects you from negative energy.
 S - a ring of resist corrosion (right tentacle)
   (You found it on level 4 of the Lair of Beasts)
Wands
 f - a wand of flame (73)
   (You found it on level 6 of the Dungeon)
 u - a wand of polymorph (11)
   (You found it on level 4 of the Dungeon)
 y - a wand of paralysis (8)
   (You found it on level 5 of the Dungeon)
 B - a wand of mindburst (8)
   (You found it on level 12 of the Dungeon)
 F - a wand of iceblast (27)
   (You found it on level 8 of the Dungeon)
 H - a wand of acid (11)
   (You found it on level 9 of the Dungeon)
 O - a wand of digging (4)
   (You found it on level 2 of the Lair of Beasts)
Scrolls
 b - 2 scrolls of identify {@r1}
 d - 2 scrolls of poison {!r}
 i - 2 scrolls of enchant armour
 j - 7 scrolls of teleportation {@r4}
 k - 2 scrolls of immolation {!r!r}
 q - 3 scrolls of fog
 s - 8 scrolls of vulnerability {!r!r}
 z - 3 scrolls of enchant weapon
 A - a scroll of brand weapon
 G - 3 scrolls of amnesia
 J - 6 scrolls of magic mapping {!r}
 L - 3 scrolls of silence {!r}
Potions
 c - 5 potions of haste {@q3}
 m - 4 potions of mutation {!q}
 n - 5 potions of attraction {!q}
 r - 11 potions of curing {@q1}
 w - 2 potions of magic
 x - 5 potions of brilliance
 C - 3 potions of lignification {!q}
 E - a potion of berserk rage {!q}
 I - a potion of might
 N - a potion of flight
 R - a potion of resistance
Miscellaneous
 e - a condenser vane
   (You found it on level 3 of the Lair of Beasts)

Dungeon Overview and Level Annotations

Branches:
Dungeon (13/15)            Temple (1/1) D:6            Lair (5/6) D:11
 Shoals (0/4) Lair:2        Snake (0/4) Lair:2          Orc (0/2) D:9
  Slime: Lair:5-6    Vaults: D:13-14

Altars:
Ashenzari
Cheibriados
Dithmenos
Elyvilon
Fedhas
Gozag
Hepliaklqana
Kikubaaqudgha
Makhleb
Nemelex Xobeh
Okawaru
Qazlal
Ru
Sif Muna
Trog
Uskayaw
Vehumet
Wu Jian
Xom
Yredelemnul
Zin
The Shining One

Shops:
D:4 (   D:8 [   D:11 =

Portals:
Trove: D:12 (give 7 scrolls of blinking)

Annotations:
D:7 Joseph
D:13 Jorgrun

#.....g.<...........#........'
#....).#####'#....###........#
#....))#.....#....#..........#
#......#.....#....#.....###'##
#......#.....#....#######.....
#......#.....#................
####...g..#....##................
........$......#...###...........
........ยง.#....g@...##...........
...................#####.........
...............##### ##########
...............# ########.......#
#.......# #########


You could see Jorgrun (can't see you).


Message History

Casting: Statue Form (dangerous; 12% risk of failure)
Confirm with . or Enter, or press ? or * to list all spells.
Aiming: Stone Arrow (mildly dangerous; 2% risk of failure)
Press: ? - help, Shift-Dir - straight line, f - vampire mosquito
Aim: a vampire mosquito (moderately damaged, constricted by you, 91% to hit)
The stone arrow hits the vampire mosquito!
You constrict the vampire mosquito, but do no damage.
You block the vampire mosquito's attack.
The grasping roots constrict you!
* * * LOW HITPOINT WARNING * * *
The vampire mosquito closely misses you.
HP[-15] MP[-3]
You take 15 damage, and now have 49/99 hp.
You lost 3 mp, and now have 29/32 mp.
Casting: Stone Arrow (mildly dangerous; 2% risk of failure)
Confirm with . or Enter, or press ? or * to list all spells.
Aiming: Stone Arrow (mildly dangerous; 2% risk of failure)
Press: ? - help, Shift-Dir - straight line, f/p - vampire mosquito
Aim: a vampire mosquito (severely damaged, constricted by you, 91% to hit)
You miscast Stone Arrow.
You are very lightly contaminated with residual magic.
Nothing appears to happen.
You constrict the vampire mosquito.
You block the vampire mosquito's attack.
The grasping roots constrict you!
* * * LOW HITPOINT WARNING * * *
The vampire mosquito barely misses you.
HP[-8] MP[-3]
You take 8 damage, and now have 41/99 hp.
You lost 3 mp, and now have 26/32 mp.
Casting: Stone Arrow (mildly dangerous; 2% risk of failure)
Confirm with . or Enter, or press ? or * to list all spells.
Aiming: Stone Arrow (mildly dangerous; 2% risk of failure)
Press: ? - help, Shift-Dir - straight line, f/p - vampire mosquito
Aim: a vampire mosquito (severely damaged, constricted by you, 91% to hit)
The stone arrow hits the vampire mosquito!!
You destroy the vampire mosquito!
Jorgrun casts a spell at you.
You struggle to resist.
The grasping roots constrict you!
* * * LOW HITPOINT WARNING * * *
HP[-11] MP[-3]
You take 11 damage, and now have 30/99 hp.
You lost 3 mp, and now have 23/32 mp.
The grasping roots constrict you!
* * * LOW HITPOINT WARNING * * *
HP[-12] MP[+1]
You take 12 damage, and now have 18/99 hp.
As you read the scroll of fear, it crumbles to dust.
You assume a fearsome visage.
Jorgrun resists with almost no effort.
Jorgrun gestures at you while chanting.
You are slowing down.
The grasping roots constrict you.
* * * LOW HITPOINT WARNING * * *
HP[-2]
You take 2 damage, and now have 16/99 hp.
Blink to where?
Press: ? - help, Q - select action, (/) - cycle Dir - move target You escape the roots' grasp.
As you read the scroll of blinking {!r}, it crumbles to dust.
Your limbs are stiffening.
HP[+2]
You regained 2 hp, and now have 18/99 hp.
You hear a grinding noise.
You have turned to stone.
Your magical contamination has completely faded away.
You hear a grinding noise.
You hear a grinding noise.
Jorgrun gestures at you while chanting.
Roots burst forth from the earth!
The grasping roots grab you! The grasping roots constrict you!
* * * LOW HITPOINT WARNING * * *
You turn to flesh and can move again.
HP[+6] MP[+2]
You regained 6 hp, and now have 24/99 hp.
You regained 2 mp, and now have 26/32 mp.
Unknown command.
The roots' grasp on you weakens, but your attempt to escape fails.
The grasping roots constrict you!
* * * LOW HITPOINT WARNING * * *
HP[-6] MP[+1]
You take 6 damage, and now have 18/99 hp.
You feel better. You block Jorgrun's attack. The grasping roots constrict you!
* * * LOW HITPOINT WARNING * * *
HP[-3]
You take 3 damage, and now have 15/99 hp.
You fade into invisibility!
Jorgrun hits you with a staff of earth!
* * * LOW HITPOINT WARNING * * *
The grasping roots constrict you.
* * * LOW HITPOINT WARNING * * *
HP[-10]
You take 10 damage, and now have 5/99 hp.
You are confused.
You feel invigorated. Jorgrun hits you with a staff of earth.
* * * LOW HITPOINT WARNING * * *
Jorgrun shatters you.
* * * LOW HITPOINT WARNING * * *
The grasping roots constrict you!
You die...
Your body crumbles into a pile of gold.

Skill      XL: |  1  2  3  4  5  6  7  8  9 10 11 12 13 14 |
---------------+-------------------------------------------+-----
Earth Magic    | 4 5 6 7 9 10 11 | 11.4
Spellcasting   | 3 4 6 |  6.0
Transmutations | 7 11 | 11.4
Fighting       | 6 9 10 | 10.0
Shields        | 4 6 8 10 | 10.0
Unarmed Combat | 6 8 11 12 | 12.0
Dodging        | 10 | 10.0
Evocations     | 3 |  3.1
Stealth        | |  2.6

Action                   |  1- 3 |  4- 6 |  7- 9 | 10-12 | 13-15 || total
-------------------------+-------+-------+-------+-------+-------++-------
Melee: Unarmed           |     8 |       |       |   341 |   436 ||   785
       Dagger            |    38 |    53 |       |       |       ||    91
       Constrict         |     5 |     9 |     6 |    60 |    41 ||   121
       Punch             |     1 |     1 |     2 |    18 |    47 ||    69
       Tentacles         |     6 |    10 |     7 |   137 |   144 ||   304
       Whip              |       |       |    30 |   155 |       ||   185
 Cast: Sandblast         |    11 |    28 |    59 |     9 |       ||   107
       Stone Arrow       |       |    12 |    65 |     7 |     2 ||    86
       Statue Form       |       |       |       |    57 |    45 ||   102
Invok: Potion Petition   |       |       |       |     1 |       ||     1
       Call Merchant     |       |       |       |       |     1 ||     1
Evoke: Wand              |       |       |     1 |     2 |       ||     3
  Use: Potion            |     1 |       |     2 |     1 |     8 ||    12
       Scroll            |       |       |    13 |     8 |    17 ||    38
 Stab: Sleeping          |     7 |     7 |       |     2 |     3 ||    19
       Distracted        |       |     1 |       |     4 |     6 ||    11
Armor: Skin              |     5 |    13 |     9 |   613 |   517 ||  1157
Dodge: Dodged            |    18 |    32 |    48 |   475 |   451 ||  1024
Block: Kite shield       |       |       |       |       |   103 ||   103

Levels and vault maps discovered:
D:1:      mushboom_english_gardens, layout_rooms, shapermc_ecumenical_altar_gd
D:2:      layout_loops_cross, nicolae_elevator_lobby_plus, uniq_natasha
D:3:      layout_basic, mainiacjoe_overflow_concentric_impassable
D:4:      layout_loops_ring, serial_shops, nicolae_shop_stone
D:5:      layout_loops_cross, mainiacjoe_overflow_catch_the_wave,
          wad_woods_river_04
D:6:      layout_loops_corners, old_standard_altar,
          nicolae_wu_jian_immortal_techniques,
          minmay_temple_entry_statues_pillars, wad_floor_pattern_1
D:7:      layout_rooms, st_stairs_1, kennysheep_nondescript,
          corexii_item_surrounded_by_moat, hex_medium, uniq_joseph
D:8:      layout_basic, serial_shops, nicolae_shop_behind_doors, uniq_maurice,
          uniq_grum
D:9:      layout_big_octagon, minmay_orc_entry_guard_dogs
D:10:     layout_basic, marbit_many_paths
D:11:     layout_cave_pools, david_lair_shrubbed,
          nicolae_dithmenos_through_a_glass_darkly, uniq_harold
D:12:     minmay_octo_star, layout_basic, nicolae_trove_entry_crystal,
          nicolae_elyvilon_peaceful_grove
D:13:     layout_irregular_city, uniq_erolcha, uniq_jorgrun, uniq_nessos
Temple:   eino_temple_rhombus
Lair:1:   layout_gridlike, lemuel_fruit_tree, infiniplex_staircase_pool,
          serial_bayou_shore_b, lemuel_fruit_fields, grunt_megastairs_3,
          uniq_gastronok
Lair:2:   layout_small_grid, elwin_shoals_entry_rocks, dummy_snake_entry
Lair:3:   statuecave_lemuel, layout_gridlike
Lair:4:   layout_cave_pods, grunt_megastairs_5, uniq_snorg
Lair:5:   nzn_winding_woodlands_stair_trap
          [nzn_winding_woodlands_5x15_concentric,
          nzn_winding_woodlands_5x15_river_crossing,
          nzn_winding_woodlands_5x15_sawtooth,
          nzn_winding_woodlands_15x15_thick_spiral,
          nzn_winding_woodlands_5x15_cabin,
          nzn_winding_woodlands_5x15_pathside_ponds,
          nzn_winding_woodlands_5x15_jagged], layout_layer_cave, serial_forest,
          infiniplex_forest_lined_room_3, infiniplex_forest_clump_long,
          infiniplex_forest_lined_room_3, infiniplex_forest_clump_double,
          eino_small_chamber_without_monster

Notes
Turn   | Place    | Note
-------+----------+-------------------------------------------
     0 | D:1      | zeratav the Octopode Earth Elementalist began the quest for
                  | the Orb.
     0 | D:1      | Reached XP level 1. HP: 11/11 MP: 3/3
     0 | D:1      | magus.rc [v1.9.6]
   304 | D:1      | Gained mutation: Your mind is acute. (Int +2) [potion of
                  | mutation]
   304 | D:1      | Gained mutation: You are partially covered in iridescent
                  | scales. (AC +2) [potion of mutation]
   426 | D:1      | Reached XP level 2. HP: 10/17 MP: 3/5
   633 | D:1      | Found a faded altar of an unknown god.
   653 | D:1      | Reached XP level 3. HP: 14/21 MP: 6/6
   780 | D:1      | You pick up a book of Vapours and begin reading...
   780 | D:1      | You add the spells Poisonous Vapours and Corpse Rot to your
                  | library.
   960 | D:2      | You fall into a shaft and drop 2 floors!
  1025 | D:4      | Reached skill level 4 in Earth Magic
  1449 | D:2      | Noticed Natasha
  1452 | D:2      | Killed Natasha
  1453 | D:2      | Reached XP level 4. HP: 9/27 MP: 4/8
  1539 | D:2      | Noticed Natasha
  1543 | D:2      | Killed Natasha
  1751 | D:2      | Noticed Natasha
  1756 | D:2      | Reached skill level 3 in Spellcasting
  1760 | D:2      | Killed Natasha
  1761 | D:2      | Reached XP level 5. HP: 31/31 MP: 4/9
  1938 | D:2      | Reached skill level 5 in Earth Magic
  2378 | D:3      | Found a shadowy altar of Dithmenos.
  2984 | D:4      | Found Hinaabuo's Antique Weapon Shoppe.
  3014 | D:4      | Learned a level 3 spell: Stone Arrow
  3200 | D:4      | Reached XP level 6. HP: 27/36 MP: 5/11
  3355 | D:4      | You pick up a book of Flames and begin reading...
  3355 | D:4      | You add the spells Foxfire, Conjure Flame, Inner Flame and
                  | Flame Wave to your library.
  3531 | D:4      | You pick up a book of Air and begin reading...
  3531 | D:4      | You add the spells Shock, Swiftness and Airstrike to your
                  | library.
  3555 | D:5      | Entered Level 5 of the Dungeon
  3621 | D:5      | You pick up a book of Air and begin reading...
  3731 | D:5      | Reached skill level 6 in Earth Magic
  4224 | D:5      | You add the spells Yara's Violent Unravelling, Alistair's
                  | Intoxication and Statue Form to your library.
  4224 | D:5      | Got the Almanac of Unstable Clay
  4388 | D:5      | Reached skill level 4 in Spellcasting
  4489 | D:5      | Found a burning altar of Makhleb.
  4493 | D:5      | Reached XP level 7. HP: 41/41 MP: 8/13
  4705 | D:5      | Found an iron altar of Okawaru.
  4984 | D:6      | Reached skill level 7 in Earth Magic
  5830 | D:6      | Found a hide-covered altar of Uskayaw.
  5854 | D:6      | Reached XP level 8. HP: 46/46 MP: 8/15
  5917 | D:6      | Found a staircase to the Ecumenical Temple.
  5926 | D:6      | Reached skill level 5 in Spellcasting
  5926 | D:6      | Reached skill level 8 in Earth Magic
  5941 | Temple   | Entered the Ecumenical Temple
  6159 | Temple   | Became a worshipper of Gozag Ym Sagoz the Greedy
  6607 | D:6      | Found an ornate altar of the Wu Jian Council.
  6672 | D:7      | Noticed Joseph
  6721 | D:7      | You pick up a book of Iron and begin reading...
  6721 | D:7      | You add the spells Blade Hands and Iron Shot to your
                  | library.
  6772 | D:7      | Reached skill level 9 in Earth Magic
  6879 | D:7      | HP: 10/46 [centaur/arrow (11)]
  6879 | D:7      | HP: 4/46 [centaur/arrow (6)]
  7035 | D:6      | Reached skill level 6 in Spellcasting
  7040 | D:6      | Reached XP level 9. HP: 35/51 MP: 1/18
  7148 | D:7      | Reached skill level 10 in Earth Magic
  7383 | D:7      | Reached skill level 2 in Transmutations
  7745 | D:7      | Reached skill level 3 in Transmutations
  8028 | D:8      | Noticed a hornet
  8041 | D:7      | Learned a level 6 spell: Statue Form
  8141 | D:8      | Reached skill level 4 in Transmutations
  8436 | D:8      | Reached skill level 5 in Transmutations
  8582 | D:8      | Killed a hornet
  8583 | D:8      | Reached skill level 6 in Transmutations
  8805 | D:8      | Found Geimunt's Antique Armour Shop.
  8903 | D:8      | Reached skill level 7 in Transmutations
  9345 | D:8      | Noticed a hornet
  9440 | D:8      | Noticed Grum
  9468 | D:8      | Killed Grum
  9469 | D:8      | Reached XP level 10. HP: 18/56 MP: 8/19
  9699 | D:8      | Paralysed by a hornet for 2 turns
  9706 | D:8      | Reached skill level 8 in Transmutations
  9982 | D:8      | Noticed Maurice
 10089 | D:8      | Killed Maurice
 10915 | D:9      | Reached skill level 11 in Earth Magic
 11054 | D:9      | Found a staircase to the Orcish Mines.
 11177 | D:9      | Reached skill level 9 in Transmutations
 11713 | D:9      | Reached skill level 10 in Transmutations
 11928 | D:10     | Entered Level 10 of the Dungeon
 12236 | D:10     | Noticed a two-headed ogre
 12251 | D:10     | Killed a two-headed ogre
 12252 | D:10     | Reached skill level 11 in Transmutations
 12252 | D:10     | Reached XP level 11. HP: 44/62 MP: 17/20
 12296 | D:10     | Reached skill level 1 in Fighting
 12305 | D:10     | You pick up a book of Air and begin reading...
 12445 | D:10     | Reached skill level 1 in Shields
 12445 | D:10     | Reached skill level 1 in Unarmed Combat
 12449 | D:10     | Reached skill level 2 in Fighting
 12456 | D:10     | Reached skill level 2 in Unarmed Combat
 12584 | D:10     | Found a radiant altar of Vehumet.
 12874 | D:11     | Noticed a manticore
 12884 | D:11     | Killed a manticore
 12885 | D:11     | Reached skill level 3 in Fighting
 12885 | D:11     | Reached skill level 2 in Shields
 12885 | D:11     | Noticed an eight-headed hydra
 12983 | D:11     | Reached skill level 3 in Unarmed Combat
 13281 | D:11     | Found a staircase to the Lair.
 13304 | D:11     | Reached skill level 4 in Fighting
 13368 | D:11     | Killed an eight-headed hydra
 13369 | D:11     | Reached skill level 3 in Shields
 13369 | D:11     | Reached skill level 4 in Unarmed Combat
 13570 | D:11     | Found a shadowy altar of Dithmenos.
 13581 | D:11     | Noticed Harold
 13700 | Lair:1   | Entered Level 1 of the Lair of Beasts
 13897 | Lair:1   | Noticed a six-headed hydra
 13900 | Lair:1   | Reached skill level 5 in Fighting
 13904 | Lair:1   | Killed a six-headed hydra
 13905 | Lair:1   | Reached skill level 5 in Unarmed Combat
 14055 | Lair:1   | Noticed a seven-headed hydra
 14064 | Lair:1   | Killed a seven-headed hydra
 14065 | Lair:1   | Reached skill level 6 in Fighting
 14065 | Lair:1   | Reached skill level 4 in Shields
 14136 | Lair:1   | Reached skill level 6 in Unarmed Combat
 14136 | Lair:1   | Reached XP level 12. HP: 74/79 MP: 15/21
 14316 | Lair:1   | Noticed Gastronok
 14331 | Lair:1   | Killed Gastronok
 14899 | Lair:2   | Reached skill level 7 in Fighting
 14909 | Lair:2   | Reached skill level 7 in Unarmed Combat
 14924 | Lair:2   | Reached skill level 5 in Shields
 15441 | Lair:2   | Found a staircase to the Shoals.
 15587 | Lair:2   | Found a staircase to the Snake Pit.
 15724 | Lair:2   | Reached skill level 8 in Fighting
 15728 | Lair:2   | Reached skill level 8 in Unarmed Combat
 15878 | Lair:3   | Reached skill level 6 in Shields
 16141 | Lair:3   | HP: 23/109 [rime drake/flash freeze[an orange crystal
                  | statue] (25)]
 16202 | Lair:3   | Reached skill level 9 in Fighting
 16202 | Lair:3   | Reached XP level 13. HP: 90/90 MP: 2/22
 16303 | Lair:3   | Identified the +6 morningstar "Mud Pie of Death" {vorpal,
                  | Drain Str+2 Dex+4}
 16380 | Lair:3   | Reached skill level 9 in Unarmed Combat
 16382 | Lair:3   | HP: 29/117 [elephant (1)]
 16389 | Lair:3   | HP: 18/117 [elephant (4)]
 16647 | Lair:3   | Lost mutation: Your mind is acute. (Int +2) [mutagenic
                  | glow]
 16652 | Lair:3   | HP: 29/117 [elephant (12)]
 16668 | Lair:3   | HP: 21/90 [elephant (4)]
 16700 | Lair:3   | Gained mutation: You are somewhat resistant to further
                  | mutation. [mutagenic glow]
 17608 | Lair:4   | Reached skill level 10 in Fighting
 17614 | Lair:4   | Reached skill level 10 in Unarmed Combat
 17616 | Lair:4   | Reached skill level 7 in Shields
 17738 | Lair:4   | Noticed Snorg
 17760 | Lair:4   | Killed Snorg
 17845 | Lair:4   | Identified the -3 pair of gloves of Generosity {Rampage
                  | rElec rPois rC+}
 19056 | Lair:5   | Reached skill level 11 in Unarmed Combat
 19090 | Lair:5   | HP: 28/119 [fire crab (4)]
 19092 | Lair:5   | HP: 7/119 [manticore (12)]
 19096 | Lair:5   | Reached skill level 8 in Shields
 19097 | Lair:5   | HP: 15/119 [manticore (6)]
 19172 | Lair:5   | Identified the +8 hand axe of Unpleasantness {elec, Str+4
                  | Dex+4}
 19356 | Lair:5   | Reached XP level 14. HP: 99/99 MP: 20/23
 19551 | Lair:5   | Reached skill level 12 in Unarmed Combat
 19836 | Lair:5   | Reached skill level 9 in Shields
 20330 | D:11     | Bought the ring "Afeek" {+Blink rF++ MP+9} for 927 gold
                  | pieces
 20330 | D:11     | Bought the ring of the Growing Enemy {Wiz rN++ Str+4} for
                  | 1006 gold pieces
 20471 | D:11     | Killed Harold
 20563 | D:12     | Reached skill level 10 in Shields
 20572 | D:12     | Reached skill level 3 in Dodging
 20652 | D:12     | Reached skill level 4 in Dodging
 20682 | D:12     | Reached skill level 5 in Dodging
 20708 | D:12     | Noticed a sphinx
 20710 | D:12     | Noticed an orc warlord
 20716 | D:12     | Reached skill level 6 in Dodging
 20733 | D:12     | Killed an orc warlord
 20734 | D:12     | Reached skill level 7 in Dodging
 20736 | D:12     | Killed a sphinx
 20747 | D:12     | Reached skill level 8 in Dodging
 20764 | D:12     | Reached skill level 9 in Dodging
 20790 | D:12     | Reached skill level 10 in Dodging
 20922 | D:12     | Reached skill level 1 in Evocations
 21157 | D:12     | Found a portal to a secret trove of treasure.
 21165 | D:12     | This trove needs 7 scrolls of blinking to function. Give it
                  | the items?
 21425 | D:12     | Found a white marble altar of Elyvilon.
 21745 | D:13     | Noticed Erolcha
 21749 | D:13     | Killed Erolcha
 21751 | D:13     | Reached skill level 2 in Evocations
 21934 | D:13     | Noticed Nessos
 21970 | D:13     | Killed Nessos
 21996 | D:13     | Reached skill level 3 in Evocations
 22153 | D:13     | Noticed Jorgrun
 22254 | D:13     | HP: 18/99 [constriction (13)]
 22265 | D:13     | HP: 24/99 [constriction (4)]
 22268 | D:13     | HP: 6/99 [Jorgrun/staff of earth (10)]
 22269 | D:13     | Constricted to death by Jorgrun

Vanquished Creatures
  A sphinx (D:12)
  Gastronok (Lair:1)
  An orc warlord (D:12)
  Nessos (D:13)
  Snorg (Lair:4)
  A yaktaur captain (D:12)
  7 hydras
  Erolcha (D:13)
  Harold (D:11)
  2 boulder beetles
  2 centaur warriors
  A two-headed ogre (D:10)
  2 death yaks (Lair:5)
  A skeletal warrior (D:12)
  A fire crab (Lair:5)
  A deep elf archer (D:12)
  A lindwurm (Lair:5)
  A flayed ghost (D:12)
  An orange crystal statue (Lair:3)
  A cyclops (D:12)
  4 ugly things (D:12)
  4 manticores
  13 elephants
  Maurice (D:8)
  3 black mambas
  A torpor snail (Lair:5)
  8 cane toads
  A gargoyle (D:13)
  An unseen horror (D:12)
  12 komodo dragons
  3 rime drakes
  3 trolls
  3 meliai (D:13)
  3 polar bears
  2 hornets (D:8)
  16 slime creatures
  8 blink frogs
  A dream sheep (Lair:5)
  A centaur simulacrum (D:12)
  A shadow (D:11)
  Grum (D:8)
  34 yaks
  9 wraiths
  4 wyverns
  2 basilisks
  9 vampire mosquitoes
  2 acid dragons
  4 wargs (D:9)
  8 water moccasins
  5 orc warriors
  2 black bears
  2 ogres (D:7)
  4 wolves (D:8)
  10 centaurs
  3 phantoms
  2 kobold brigands (D:8)
  20 bullfrogs
  A necrophage (D:6)
  A gnoll sergeant (D:11)
  2 scorpions (D:5)
  7 wights
  9 killer bees
  6 electric eels
  5 howler monkeys
  5 hounds
  5 orc priests
  2 jellies
  2 gnoll shamans
  4 iguanas
  14 orc wizards
  Natasha (thrice) (D:2)
  A hell rat (Lair:5)
  13 gnolls
  6 adders
  A shadow imp (D:7)
  A white imp (D:6)
  2 ufetubi
  2 worms (D:2)
  2 dart slugs
  29 orcs
  10 endoplasms
  5 giant cockroaches
  2 hobgoblins (D:2)
  10 jackals
  8 kobolds
  4 quokkas
  5 ball pythons
  4 bats
  3 frilled lizards
  5 goblins
  4 rats
422 creatures vanquished.

Vanquished Creatures (others)
  A boggart (D:12)
  An orc wizard (D:9)
  10 fungi
  38 plants
50 creatures vanquished.

Grand Total: 472 creatures vanquished

Table legend:
 A = Non-vault XP
 B = Vault XP
 C = Vault XP percentage of total XP
 D = Non-vault monster count
 E = Vault monster count
 F = Vault count percentage of total count
                 A         B        C        D         E       F
            +---------+---------+-------+---------+---------+-------
      Total |   52779 |   28329 |  34.9 |     361 |      62 |  14.7
            +---------+---------+-------+---------+---------+-------
        D:1 |      43 |       0 |   0.0 |      24 |       0 |   0.0
        D:2 |     108 |      36 |  25.0 |      18 |       1 |   5.3
        D:3 |      61 |       0 |   0.0 |      12 |       0 |   0.0
        D:4 |     119 |       0 |   0.0 |      12 |       0 |   0.0
        D:5 |     442 |       0 |   0.0 |      16 |       0 |   0.0
        D:6 |    1161 |       0 |   0.0 |      23 |       0 |   0.0
        D:7 |     787 |     260 |  24.8 |      14 |       2 |  12.5
        D:8 |    2244 |     968 |  30.1 |      37 |       6 |  14.0
        D:9 |    1112 |     632 |  36.2 |      22 |       4 |  15.4
       D:10 |    3011 |      33 |   1.1 |      17 |       1 |   5.6
       D:11 |    3508 |    1248 |  26.2 |      18 |       2 |  10.0
       D:12 |    7692 |    9674 |  55.7 |      36 |      13 |  26.5
       D:13 |    4328 |    1881 |  30.3 |      15 |       2 |  11.8
     Lair:1 |    4414 |    2388 |  35.1 |      18 |       3 |  14.3
     Lair:2 |    6180 |       0 |   0.0 |      25 |       0 |   0.0
     Lair:3 |   10667 |    1374 |  11.4 |      31 |       4 |  11.4
     Lair:4 |    1775 |    2586 |  59.3 |       7 |       6 |  46.2
     Lair:5 |    5127 |    7249 |  58.6 |      16 |      18 |  52.9
            +---------+---------+-------+---------+---------+-------

Illustrated notes

Table legend:
 A = Kills in this place as a percentage of kills in entire the game.
 B = Kills by you in this place as a percentage of kills by you in the entire game.
 C = Kills by friends in this place as a percentage of kills by friends in the entire game.
 D = Other kills in this place as a percentage of other kills in the entire game.
 E = Experience gained in this place as a percentage of experience gained in the entire game.
 F = Experience gained in this place divided by the number of levels of this place that you have seen.
                   A       B       C       D       E      F
               +-------+-------+-------+-------+-------+----------------------
         Total | 100.0 | 100.0 |   N/A | 100.0 | 100.0 | 4268.8
       Dungeon |  69.7 |  69.7 |   N/A | 100.0 |  48.5 | 3026.8
          Lair |  30.3 |  30.3 |   N/A |   0.0 |  51.5 | 8352.0
               +-------+-------+-------+-------+-------+----------------------

Table legend: (Time is in decaauts)
 A = Elapsed time spent in this place.
 B = Non-inter-level travel time spent in this place.
 C = Inter-level travel time spent in this place.
 D = Time resting spent in this place.
 E = Time spent auto-exploring this place.
 F = Levels seen in this place.
 G = Mean time per level.
                   A        B        C        D        E       F      G
               +--------+--------+--------+--------+--------+-----+--------+
         Total |  24276 |  23176 |   1100 |   6527 |   7819 |  19 | 1277.7 |
       Dungeon |  16489 |  15801 |    688 |   4798 |   5846 |  13 | 1268.4 |
        Temple |    228 |    206 |     22 |      0 |    193 |   1 |  228.0 |
          Lair |   7558 |   7168 |    390 |   1729 |   1780 |   5 | 1511.6 |
               +--------+--------+--------+--------+--------+-----+--------+

Top non-repeatable levels by time:
     D:8: 2511 daAuts
     D:6: 1936 daAuts
  Lair:3: 1696 daAuts
  Lair:5: 1641 daAuts
  Lair:2: 1505 daAuts
    D:12: 1457 daAuts
     D:5: 1424 daAuts
  Lair:1: 1405 daAuts
     D:7: 1324 daAuts
  Lair:4: 1309 daAuts
     D:9: 1287 daAuts
    D:10: 1197 daAuts
    D:11: 1160 daAuts
     D:2: 989 daAuts
     D:1: 954 daAuts
